 Dungeon Crawl Stone Soup version 0.29.0-11-gd7f09526c8 (webtiles) character file.

Game seed: 6743301721196353934

7 sanka the Ruffian (level 2, -2/21 HPs)
             Began as an Octopode Cinder Acolyte on Sept 6, 2022.
             Was a High Priest of Ignis.
             Slain by a kobold
             ... wielding a +0 whip
              (6 damage)
             ... on level 1 of the Dungeon.
             The game lasted 00:00:20 (328 turns).

sanka the Ruffian (Octopode Cinder Acolyte)          Turns: 328, Time: 00:00:21

Health: -2/21      AC:  1    Str: 13    XL:     2   Next: 0%
Magic:  3/3        EV: 12    Int: 16    God:    Ignis [*****.]
Gold:   53         SH:  0    Dex:  7    Spells: 3/3 levels left

rFire   + . .      SeeInvis .     - Unarmed
rCold   . . .      Faith    .   (no shield)
rNeg    . . .      Spirit   .   (helmet restricted)
rPois   .          Reflect  .   (no amulet)
rElec   .          Harm     .   (no ring)
rCorr   .          Rampage  .   (no ring)
Will    .....                   (no ring)
Stlth   ++........              (no ring)
HPRegen 0.07/turn               (no ring)
MPRegen 0.08/turn               (no ring)
                                (no ring)
                                (no ring)

@: no status effects
A: almost no armour, amphibious, 8 rings, camouflage 1, gelatinous body 1,
(nimble swimmer 1), tentacles
a: Renounce Religion, Fiery Armour, Foxfire Swarm, Rising Flame


You were on level 1 of the Dungeon.
You worshipped Ignis.
Ignis was extremely pleased with you.
You visited 1 branch of the dungeon, and saw 1 of its levels.

You collected 53 gold pieces.


Innate Abilities, Weirdness & Mutations

You cannot wear most types of armour.
You are amphibious.
You can wear up to eight rings at the same time.
Your skin changes colour to match your surroundings (Stealth+).
Your rubbery body absorbs attacks. (AC +1, EV +1)
((You are camouflaged when in or above water. (Stealth+)))
You have tentacles for arms and can constrict up to eight enemies at once.


   Skills:
 - Level 3.0 Fighting
 + Level 3.5 Unarmed Combat
 - Level 1.0 Spellcasting
 - Level 3.0 Fire Magic


You had 3 spell levels left.
You didn't know any spells.
Your spell library contained the following spells:

 Spells                   Type           Power      Damage    Failure   Level
 Scorch                   Fire           20%        2d6       10%         2

Inventory:

Scrolls
 c - 4 scrolls of identify {unknown}
 f - a scroll of teleportation {unknown}
Potions
 a - a potion of lignification {unknown}
 b - 3 potions of brilliance {unknown}
 d - a potion of flight {unknown}
 e - 2 potions of attraction {unknown}

Dungeon Overview and Level Annotations

Branches:
Dungeon (1/15)

Altars:

Shops:
D:1

* ▒...........†..▒
▒.▒.▒
▒▒▒▒▒▒▒▒.......▒
▒.▒.▒ ▒.......▒
▒.▒.▒ ▒.......▒
▒...▒
▒▒▒▒▒▒▒▒▒▒▒▒▒▒.▒▒▒
▒...........▒
▒......▒▒▒▒.▒
▒......▒ ▒.▒
▒..∩x..▒ ▒.▒
▒..JK.......▒
▒..........▒▒▒▒▒
▒..▒.▒.....▒ ▒.
▒.▒.▒▒.▒▒ ▒ ▒ ▒▒
▒.▒ .▒ .▒


You could see an endoplasm and a kobold.


Message History

HP restored.
You now have 53 gold pieces (gained 10).
f - a scroll labelled WIOFOL POCIQ
Found Samuajomn's General Store.
An endoplasm and a kobold come into view.
The kobold shouts!
The endoplasm quivers.
There are monsters nearby!
The kobold throws a stone.
The stone hits you.
The kobold throws a stone.
The stone hits you. The kobold hits you with a +0 whip. The endoplasm hits you.
You barely miss the endoplasm. The kobold hits you with a +0 whip.
The endoplasm freezes you.
You are frozen.
* * * LOW HITPOINT WARNING * * *
You tentacle-slap the endoplasm but do no damage.
The kobold hits you with a +0 whip.
* * * LOW HITPOINT WARNING * * *
The endoplasm freezes you.
You are frozen.
* * * LOW HITPOINT WARNING * * *
You tentacle-slap the endoplasm. Your squeeze misses the endoplasm.
The endoplasm is severely wounded.
The kobold hits you with a +0 whip.
You die...

Action                   || total
-------------------------++-------
Melee: Unarmed           ||    16
       Tentacles         ||     4
       Constrict         ||     3
Dodge: Dodged            ||     8

Levels and vault maps discovered:
D:1:      lightli_arrival_boilingwater, layout_basic, serial_shops, shop,
          glass_columns_a, grunt_decor_fettered

Notes
Turn   | Place    | Note
-------+----------+-------------------------------------------
     0 | D:1      | sanka the Octopode Cinder Acolyte began the quest for the
                  | Orb.
     0 | D:1      | Reached XP level 1. HP: 16/16 MP: 2/2
   232 | D:1      | Reached XP level 2. HP: 16/21 MP: 3/3
   321 | D:1      | Found Samuajomn's General Store.
   328 | D:1      | Slain by a kobold

Vanquished Creatures
  A ball python (D:1)
  An endoplasm (D:1)
  A kobold (D:1)
  A quokka (D:1)
  2 frilled lizards (D:1)
6 creatures vanquished.
